 Dungeon Crawl Stone Soup version 0.25.1-8-g42b30a86e7 (webtiles) character file.

Game seed: 14887798808592251480

1382 MilkNation the Cleaver (level 8, -1/70 HPs)
             Began as a Minotaur Gladiator on Dec 19, 2020.
             Killed from afar by an orc wizard (3 damage)
             ... with a puff of flame
             ... on level 5 of the Dungeon.
             The game lasted 00:08:34 (5336 turns).

MilkNation the Cleaver (Minotaur Gladiator)         Turns: 5336, Time: 00:08:35

Health: -1/70      AC:  9    Str: 20    XL:     8   Next: 40%
Magic:  7/7        EV:  9    Int:  5    God:
Gold:   321        SH:  0    Dex: 13    Spells: 7/7 levels left

rFire    . . .     SeeInvis .   y - +1 halberd (flame)
rCold    . . .     Gourm    .   (shield currently unavailable)
rNeg     . . .     Faith    .   E - +0 chain mail
rPois    .         Spirit   .   c - +0 hat
rElec    .         Reflect  .   (no cloak)
rCorr    .         Harm     .   (no gloves)
MR       .....                  (no boots)
Stlth    ..........             (no amulet)
HPRegen  0.21/turn              (no ring)
MPRegen  0.10/turn              (no ring)

@: no status effects
A: retaliatory headbutt, horns 2
a: no special abilities


You were on level 5 of the Dungeon.
You were very hungry.

You visited 1 branch of the dungeon, and saw 5 of its levels.

You collected 321 gold pieces.

Inventory:

Hand Weapons
 a - a +0 war axe
 y - a +1 halberd of flaming (weapon)
Missiles
 d - 3 throwing nets
 h - 217 stones
 u - 16 poisoned darts (quivered)
 x - 3 boomerangs
Armour
 c - a +0 hat (worn)
 E - a +0 chain mail (worn)
Jewellery
 D - an uncursed ring of positive energy {unknown}
Wands
 C - a wand of paralysis (4)
 G - a wand of clouds (7)
Scrolls
 b - a scroll of noise {unknown}
 e - a scroll of immolation {unknown}
 i - a scroll of teleportation {unknown}
 j - a scroll of enchant weapon {unknown}
 l - 5 scrolls of amnesia {unknown}
 m - a scroll of enchant armour {unknown}
 o - 4 scrolls of identify {unknown}
 p - 2 scrolls of magic mapping {unknown}
 q - a scroll of fear {unknown}
 s - 3 scrolls of remove curse {unknown}
 F - a scroll of fog {unknown}
Potions
 g - 2 potions of haste {unknown}
 k - 3 potions of curing {unknown}
 n - 2 potions of stabbing {unknown}
 r - a potion of berserk rage {unknown}
 t - 3 potions of flight {unknown}
 v - a potion of mutation {unknown}
 w - a potion of degeneration {unknown}
 z - a potion of invisibility {unknown}
 A - a potion of heal wounds {unknown}
 B - a potion of magic {unknown}
Comestibles
 f - 8 rations


   Skills:
 + Level 6.0 Fighting
 * Level 8.6 Axes
 + Level 5.0 Throwing
 + Level 5.2 Armour
 - Level 3.2 Dodging


You had 7 spell levels left.
You didn't know any spells.
Your spell library was empty.

Dungeon Overview and Level Annotations

Branches:
Dungeon (5/15)
 Temple: D:4-7

Altars:

Shops:
D:5 [


Innate Abilities, Weirdness & Mutations

You reflexively headbutt those who attack you in melee.
You have a pair of horns on your head.


Message History

You hit the orc priest. You burn the orc priest. You headbutt the orc priest.
You kill the orc priest!
Your Fighting skill increases to level 6!
Something hits you but does no damage. x2
Something hits you but does no damage. Something hits you but does no damage.
You hear some strange, mumbled words.
A puff of frost appears from out of thin air!
The puff of frost hits you.
* * * LOW HITPOINT WARNING * * *
You hear some strange, mumbled words.
A puff of frost appears from out of thin air!
The puff of frost hits you.
* * * LOW HITPOINT WARNING * * *
A magic dart appears from out of thin air!
The magic dart hits you!
* * * LOW HITPOINT WARNING * * *
A puff of flame appears from out of thin air!
The puff of flame hits you.
You die...

.... #≈≈∩≈≈# ... #≈≈≈≈≈#
....## #≈≈≈# .....#
#...######
#.##.######........#
#.##.##.##............#.
#..................(....
#.##.##.##.....<......##
#.##.##@######....###.#
#.......# #........#
####{#### #...###### #.#
#...# ##.##### ##.##
########......# #.#
#.........###.# #..
...######.##.#.#######.
#.#?#.......>.


There were no monsters in sight!

Vanquished Creatures
  Sigmund (D:4)
  Duvessa (D:4)
  3 ogres (D:4)
  A centaur (D:4)
  A bullfrog (D:5)
  Dowan (D:4)
  2 scorpions
  A crimson imp (D:4)
  A centaur zombie (D:5)
  2 orc priests
  A hound (D:3)
  2 orc wizards (D:3)
  A bullfrog skeleton (D:4)
  Jessica (D:3)
  A worker ant (D:4)
  A hound zombie (D:4)
  4 gnolls
  A howler monkey skeleton (D:4)
  9 adders
  3 oozes
  3 worms
  3 dart slugs
  15 orcs
  6 giant cockroaches
  8 goblins
  3 hobgoblins
  2 jackals (D:4)
  2 quokkas
  2 ball pythons
  12 bats
  5 frilled lizards
  13 kobolds
  11 rats
123 creatures vanquished.

Vanquished Creatures (others)
  An orc (D:5)
1 creature vanquished.

Grand Total: 124 creatures vanquished

Notes
Turn   | Place    | Note
-------+----------+-------------------------------------------
     0 | D:1      | MilkNation the Minotaur Gladiator began the quest for the
                  | Orb.
     0 | D:1      | Reached XP level 1. HP: 18/18 MP: 0/0
    70 | D:1      | Reached XP level 2. HP: 10/25 MP: 1/1
    76 | D:1      | Reached skill level 4 in Axes
   539 | D:1      | Reached skill level 1 in Armour
   854 | D:2      | Reached XP level 3. HP: 30/30 MP: 2/2
  1330 | D:2      | Reached XP level 4. HP: 36/38 MP: 3/3
  2226 | D:3      | Reached skill level 5 in Axes
  2330 | D:3      | Reached XP level 5. HP: 27/45 MP: 4/4
  2493 | D:3      | Noticed Jessica
  2508 | D:3      | Killed Jessica
  2904 | D:3      | Reached XP level 6. HP: 41/52 MP: 5/5
  3228 | D:4      | Reached skill level 6 in Axes
  3522 | D:4      | Noticed Duvessa
  3525 | D:4      | Noticed Dowan
  3533 | D:4      | Killed Duvessa
  3535 | D:4      | Reached XP level 7. HP: 43/60 MP: 6/6
  3542 | D:4      | Killed Dowan
  3582 | D:3      | HP: 3/60 [poisoned by Dowan]
  3938 | D:4      | Noticed Sigmund
  3949 | D:3      | Reached skill level 7 in Axes
  4446 | D:4      | Reached skill level 5 in Fighting
  4662 | D:4      | Killed Sigmund
  4785 | D:4      | Reached XP level 8. HP: 49/69 MP: 7/7
  4891 | D:4      | Reached skill level 8 in Axes
  4903 | D:4      | Reached skill level 5 in Armour
  5157 | D:5      | Entered Level 5 of the Dungeon
  5247 | D:5      | Found Orogio Zoabu's Antique Armour Boutique.
  5314 | D:5      | Reached skill level 5 in Throwing
  5333 | D:5      | HP: 1/70 [something/magic dart (10)]
  5336 | D:5      | Killed from afar by an orc wizard

Illustrated notes

Levels and vault maps discovered:
D:1:      dpeg_arrival_windows_large_door, layout_basic, minmay_nonomino_d4
D:2:      layout_basic
D:3:      minmay_skewed_foursquare, layout_rooms, first_ration,
          minmay_fractal_squares_gapless_5, uniq_jessica
D:4:      minmay_clustersquares, layout_rooms, uniq_duvessa, uniq_sigmund
D:5:      layout_loops_cross, serial_shops, nicolae_shop_waterfront, basic_altar

Skill      XL: |  1  2  3  4  5  6  7  8 |
---------------+-------------------------+-----
Axes           | 4 5 6 7 8 |  8.6
Armour         | 1 2 3 4 5 |  5.2
Fighting       | 3 4 5 6 |  6.0
Throwing       | 3 4 5 |  5.0
Dodging        | |  3.2

Action                   |  1- 3 |  4- 6 |  7- 9 || total
-------------------------+-------+-------+-------++-------
Melee: War axe           |    51 |    84 |       ||   135
       Headbutt          |     6 |    16 |    18 ||    40
       Halberd           |       |    26 |   100 ||   126
Throw: Dart              |       |     2 |     8 ||    10
       Boomerang         |       |       |     4 ||     4
  Eat: Chunk             |     1 |     7 |     5 ||    13
Armor: Leather armour    |    18 |    21 |    13 ||    52
       Chain mail        |       |       |    15 ||    15
Dodge: Dodged            |    36 |    94 |    65 ||   195
